Map: Orbital Shipyard

Players

XCON - Winner!

  • Race: Protoss Protoss
  • League: Bronze

ImmortalZodd

  • Race: Zerg Zerg
  • League: Silver

VOD

Have the link to the VOD?

Description

Time

  • Played on: Jan. 29, 2016, 11:27 p.m.
  • Length: 18:23
Show
View Real Time Build Order
Export as new Build Order

XCON Protoss - Winner!

Build Orders:  

Get SALT Encoding   

  12  0:15  Pylon  
  12  0:33  Probe (Chrono Boost)  
  13  0:40  Gateway  
  13  0:42  Assimilator  
  13  0:43  Probe (Chrono Boost)  
  14  0:54  Probe (Chrono Boost)  
  15  1:08  Pylon  
  15  1:16  Forge  
  15  1:17  Probe (Chrono Boost)  
  16  1:27  Probe (Chrono Boost), Zealot (Chrono Boost)  
  19  1:38  Probe  
  19  1:50  Probe  
  19  1:52  Zealot (Chrono Boost)  
  22  1:58  Photon Cannon  
  22  2:02  Probe  
  23  2:09  Assimilator  
  23  2:14  Probe  
  24  2:16  Zealot (Chrono Boost)  
  25  3:10  Pylon  
  23  3:19  Zealot (Chrono Boost)  
  21  3:34  Photon Cannon  
  21  3:38  Pylon, Photon Cannon  
  21  3:41  Pylon  
  21  3:43  Zealot (Chrono Boost)  
  21  3:47  Photon Cannon  
  23  3:48  Probe  
  23  4:01  Probe  
  24  4:06  Zealot (Chrono Boost)  
  24  4:08  Gateway  
  26  4:13  Probe  
  27  4:23  Photon Cannon  
  27  4:25  Probe  
  28  4:32  Zealot (Chrono Boost)  
  28  4:37  Probe  
  31  4:49  Probe  
  34  5:01  Zealot (Chrono Boost)  
  34  5:10  Nexus  
  34  5:15  Probe (Chrono Boost)  
  35  5:24  Cybernetics Core  
  35  5:26  Probe (Chrono Boost), Zealot (Chrono Boost)  
  38  5:30  Gateway  
  32  5:39  Zealot (Chrono Boost)  
  34  5:44  Probe (Chrono Boost)  
  35  5:56  Probe  
  38  5:59  Zealot (Chrono Boost)  
  38  6:01  Warp Gate (Chrono Boost)  
  38  6:08  Probe  
  41  6:11  Stalker (Chrono Boost)  
  41  6:20  Probe  
  41  6:25  Sentry (Chrono Boost)  
  44  6:32  Probe  
  45  6:34  Stalker (Chrono Boost)  
  45  6:39  Protoss Ground Weapons Level 1  
  47  6:44  Mothership Core  
  49  6:53  Pylon  
  49  6:54  Pylon  
  49  6:56  Pylon  
  49  6:59  Pylon  
  49  7:03  Stalker (Chrono Boost)  
  49  7:06  Sentry (Chrono Boost), Probe  
  53  7:14  Probe  
  53  7:18  Probe  
  55  7:24  Probe  
  56  7:30  Probe  
  56  7:35  Probe, Stargate  
  58  7:39  Photon Cannon  
  58  7:42  Probe  
  59  7:45  Stalker (Chrono Boost)  
  59  7:47  Assimilator  
  59  7:48  Probe  
  62  8:00  Probe  
  63  8:10  Gateway  
  63  8:12  Probe  
  64  8:13  Gateway  
  64  8:14  Gateway  
  64  8:16  Probe  
  65  8:20  Photon Cannon  
  65  8:28  Probe  
  65  8:30  Stalker  
  65  8:31  Sentry  
  70  8:36  Protoss Ground Armor Level 1 (Chrono Boost)  
  70  8:43  Oracle (Chrono Boost)  
  73  9:03  Robotics Facility  
  73  9:10  Gateway  
  73  9:17  Assimilator  
  73  9:22  Pylon  
  73  9:24  Pylon  
  73  9:29  Oracle (Chrono Boost)  
  73  9:30  Pylon  
  76  9:37  Stalker  
  78  9:42  Adept  
  78  9:43  Adept x2  
  78  9:45  Adept  
  86  9:46  Adept  
  88  9:59  Photon Cannon  
  88  10:04  Oracle  
  88  10:05  Sentry  
  93  10:07  Zealot  
  93  10:08  Zealot  
  93  10:09  Zealot  
  93  10:10  Zealot  
  93  10:11  Zealot  
  93  10:12  Zealot  
  105  10:23  Protoss Shields Level 1 (Chrono Boost)  
  105  10:31  Stalker x2  
  105  10:32  Stalker  
  105  10:33  Stalker  
  105  10:34  Sentry  
  105  11:23  Zealot  
  105  11:24  Zealot  
  105  11:25  Zealot  
  103  11:26  Zealot  
  103  11:27  Void Ray  
  103  11:30  Immortal  
  113  11:33  Zealot  
  113  11:34  Zealot  
  117  11:41  Pylon  
  117  11:46  Pylon  
  117  11:49  Pylon  
  116  12:09  Observer  
  116  12:10  Void Ray  
  85  13:00  Stalker  
  85  13:01  Stalker x4  
  85  13:02  Stalker x2  
  96  14:04  Zealot  
  96  14:05  Zealot x2  
  96  14:06  Zealot x3  
  96  14:07  Zealot  
  110  14:20  Twilight Council  
  110  14:26  Robotics Bay  
  110  14:57  Immortal  
  110  14:59  Void Ray  
  118  15:02  Blink (Chrono Boost)  
  115  15:21  Nexus  
  115  15:37  Immortal  
  115  15:42  Void Ray  
  92  16:10  Assimilator  
  88  16:15  Assimilator  
  88  16:16  Immortal  
  92  16:23  Pylon  
  92  16:25  Void Ray  
  93  16:47  Stalker  
  93  16:48  Stalker  
  93  16:50  Charge (Chrono Boost)  
  93  16:52  Sentry  
  99  17:08  Void Ray  
  103  17:17  Stalker x3  
Show
View Real Time Build Order
Export as new Build Order

ImmortalZodd Zerg 

Build Orders: Hatch First 

Get SALT Encoding   

  12  0:01  Drone  
  13  0:08  Drone  
  14  0:16  Drone, Extractor  
  15  0:28  Overlord  
  15  0:50  Hatchery, Drone  
  15  0:55  Drone  
  16  0:59  Drone  
  17  1:05  Drone  
  17  1:11  Extractor  
  17  1:13  Drone  
  18  1:29  Drone  
  19  1:35  Spawning Pool  
  19  1:36  Drone  
  19  1:45  Drone  
  20  1:59  Drone  
  21  2:03  Drone  
  22  2:25  Spine Crawler  
  22  2:27  Spine Crawler  
  17  2:42  Zergling x2  
  17  2:43  Zergling x8  
  23  2:58  Zergling x6  
  21  3:30  Zergling x12  
  27  3:37  Metabolic Boost  
  27  3:49  Overlord  
  27  3:50  Overlord  
  27  4:03  Overlord x2  
  17  4:49  Zergling x12  
  21  5:02  Zergling x4  
  23  5:11  Drone x2  
  25  5:25  Roach Warren  
  25  5:26  Drone x2  
  25  5:36  Zergling x4  
  27  5:55  Drone x4  
  31  6:04  Drone  
  31  6:05  Drone  
  33  6:15  Drone  
  33  6:16  Drone  
  35  6:26  Drone  
  35  6:27  Drone  
  37  6:37  Roach x2  
  41  6:43  Extractor  
  40  6:48  Queen  
  40  6:49  Queen  
  40  6:51  Drone x2  
  46  6:58  Drone x2  
  48  7:10  Roach x2  
  52  7:19  Drone x2  
  54  7:33  Roach x2  
  58  7:42  Overlord x2  
  58  7:58  Overlord x3  
  58  7:59  Overlord x2  
  58  8:08  Extractor  
  57  8:13  Drone x2  
  57  8:14  Drone x2  
  57  8:17  Roach  
  57  8:19  Hatchery  
  62  8:26  Drone x2  
  64  8:41  Roach x2  
  68  8:42  Roach x3  
  68  8:43  Roach x2  
  68  8:44  Roach  
  80  8:51  Roach x2  
  84  8:58  Roach  
  84  9:00  Roach  
  90  9:10  Roach  
  90  9:11  Roach  
  92  9:20  Roach x3  
  92  9:21  Roach x3  
  104  9:30  Roach  
  106  9:35  Roach x2  
  106  9:36  Roach  
  112  9:41  Roach  
  116  9:45  Roach  
  116  9:47  Roach  
  118  9:58  Roach  
  118  9:59  Overlord x2  
  120  10:00  Overlord x5  
  120  10:19  Roach x7  
  136  10:28  Roach  
  136  10:33  Evolution Chamber  
  136  10:34  Roach x2  
  139  10:36  Evolution Chamber  
  139  10:37  Roach  
  139  10:40  Roach x3  
  139  10:41  Roach x4  
  138  11:05  Spore Crawler  
  138  11:07  Spore Crawler  
  138  11:08  Queen  
  138  11:09  Spore Crawler, Queen  
  107  11:26  Roach  
  107  11:27  Roach  
  111  11:49  Zerg Missile Weapons Level 1  
  45  12:51  Roach x6  
  33  13:02  Roach  
  35  13:06  Roach  
  37  13:26  Roach  
  37  13:27  Roach  
  41  13:39  Queen  
  41  13:57  Roach  
  41  13:58  Roach  
  42  14:12  Roach  
  44  14:29  Roach  
  46  14:32  Roach  
  48  14:45  Roach  
  50  14:56  Roach  
  52  15:20  Roach x2  
  36  16:13  Roach x4  
  44  16:28  Roach  
Tags
 
Add a new tag
Caveats
  • Supply blocks, unpowered buildings, or Contaminate may cause inaccurate times.
  • Supply counts are checked every 10 seconds.